AoeStats
← Ken

Pilgrims

508202166Analyzed
4v4 RM · 11d ago on Sep 21, 2026· 25m 28s· 8 players
Game mode
Random Map
Map size
Large (8 player)
Population
200
Speed
Normal
Resources
Standard
Victory
Conquest
Starting age
Dark Age
Ending age
Imperial Age
RankedLock teamsTeams togetherTeam positionsShared explorationLock speedFull tech treeHidden civsTurbo modeCheats
Victory
Defeat
🇨🇳 Burmese · China
1073
+15
🇨🇳 Franks · China
1051
+16
🇨🇳 Chinese · China
1048
+16
🇮🇩 Persians · Indonesia
1047
+16
🇨🇳 Vikings · China
1082
-18
🇬🇧 Spanish · United Kingdom
1053
-17
🇻🇳 Teutons · Vietnam
1019
-14
🇪🇸 Goths · Spain
1017
-14
Ween
6:26 Loom
10:44 Feudal Age
11:39 Double-Bit Axe
13:58 Wheelbarrow
16:16 Castle Age
13:58 Fishing Lines
15:45 Horse Collar
18:12 Wheelbarrow
17:56 Bow Saw
18:30 Gillnets
20:48 Medium Warships
21:49 Gold Mining
Ken
6:19 Loom
15:59 Feudal Age
17:19 Wheelbarrow
16:18 Man-at-Arms
23:33 Castle Age
22:26 Scale Mail Armor
22:37 Forging
22:34 Scale Barding Armor
25:55 Husbandry
菜鸡请别打
11:24 Loom
14:46 Feudal Age
15:32 Fishing Lines
15:51 Double-Bit Axe
19:28 Castle Age
19:29 Gold Mining
20:04 Gillnets
20:36 Scale Barding Armor
20:42 Forging
21:22 Gold Shaft Mining
23:53 Bow Saw
24:42 Chain Barding Armor
24:58 Iron Casting
25:47 Wheelbarrow
24:57 Town Watch
Doodo
3:52 Loom
13:46 Feudal Age
14:49 Double-Bit Axe
14:49 Horse Collar
18:03 Castle Age
16:35 Gold Mining
16:36 Stone Mining
19:43 Bow Saw
20:41 Gold Shaft Mining
20:43 Stone Shaft Mining
21:15 Wheelbarrow
Only llorar
7:31 Loom
11:30 Feudal Age
16:31 Castle Age
14:58 Double-Bit Axe
15:08 Stone Mining
15:10 Gold Mining
15:23 Horse Collar
18:06 Bow Saw
18:50 Heavy Plow
22:38 Wheelbarrow
21:48 Town Watch
nanbo1
12:37 Feudal Age
14:49 Loom
17:19 Castle Age
15:48 Double-Bit Axe
17:21 Fletching
17:14 Horse Collar
18:06 Town Watch
20:48 Medium Warships
21:19 Bodkin Arrow
21:35 Bow Saw
21:27 Heavy Plow
Xin đừng đánh em
6:54 Loom
14:54 Feudal Age
15:36 Double-Bit Axe
19:59 Castle Age
18:26 Forging
18:22 Scale Barding Armor
17:42 Man-at-Arms
18:39 Gold Mining
19:41 Horse Collar
20:16 Bloodlines
21:40 Bow Saw
24:31 Squires
Ace
4:36 Loom
13:29 Feudal Age
15:04 Fishing Lines
15:25 Horse Collar
18:16 Castle Age
16:11 Double-Bit Axe
18:33 Stone Mining
18:36 Gold Mining
19:35 Bow Saw
20:05 Heavy Plow
23:17 Scale Mail Armor
23:27 Forging
Connection lost

Rejoining the realm…

Still unreachable

The connection could not be restored.

Session expired

The server has moved on; the page needs a fresh start.